 Dungeon Crawl Stone Soup version 0.18-a0-1147-g8e8348b (webtiles) character file.

162 Reinor the Insei (level 5, 0/36 HPs)
             Began as an Octopode Chaos Knight on Jan 22, 2016.
             Slain by an orc
             ... wielding a +0 hand axe
              (7 damage)
             ... on level 3 of the Dungeon.
             The game lasted 00:05:36 (2451 turns).

Reinor the Insei (Octopode Chaos Knight)            Turns: 2451, Time: 00:05:36

Health: 0/36       AC:  1    Str: 11    XL:     5   Next: 43%
Magic:  5/5        EV: 12    Int: 15    God:    Xom [..*...]
Gold:   140        SH:  0    Dex: 12    Spells: 0 memorised, 4 levels left

rFire  . . .     SeeInvis .       - Unarmed
rCold  . . .     Gourm    .     (no shield)
rNeg   . . .     Faith    .     (helmet restricted)
rPois  .         Spirit   .     m - amulet of magic regeneration
rElec  .         Dismiss  .     (no ring)
rCorr  .         Reflect  .     (no ring)
SustAt .         Harm     .     (no ring)
MR     .....                    (no ring)
Stlth  ++........               (no ring)
                                (no ring)
                                (no ring)
                                (no ring)

@: not resistant to hostile enchantments, unstealthy
A: almost no armour, amphibious, 8 rings, constrict 8, camouflage 1, gelatinous
body 1
a: Renounce Religion


You were on level 3 of the Dungeon.
You worshipped Xom.
You were a toy of Xom.
You were not hungry.

You visited 1 branch of the dungeon, and saw 3 of its levels.

You collected 140 gold pieces.

Inventory:

Jewellery
 m - an amulet of magic regeneration (around mantle)
Scrolls
 b - 3 scrolls of remove curse
 i - a scroll of magic mapping
Potions
 c - a potion of haste {unknown}
 d - a potion of flight {unknown}
 e - a potion of invisibility {unknown}
 f - 3 potions of heal wounds {unknown}
 g - a potion of magic {unknown}
 h - a potion of poison {unknown}
 j - 2 potions of curing {unknown}
Comestibles
 a - 2 bread rations
 k - 6 chunks of flesh
 l - 2 meat rations


   Skills:
 - Level 3.0 Fighting
 - Level 2.3 Dodging
 + Level 5.9 Unarmed Combat


You had 4 spell levels left.
You didn't know any spells.

Dungeon Overview and Level Annotations

Branches:
Dungeon (3/15)

Altars:
Dithmenos
Kikubaaqudgha
Zin


Innate Abilities, Weirdness & Mutations

You cannot wear most types of armour.
You are amphibious.
You can wear up to eight rings at the same time.
You can use your tentacles to constrict eight enemies at once.
Your skin changes colour to match your surroundings (Stealth).
Your rubbery body absorbs attacks (AC +1).


Message History

You squeeze the orc, but do no damage.
The orc is heavily wounded.
You constrict the orc. You tentacle-slap the orc.
You kill the orc!
The orc barely misses you.
The orc priest invokes the aid of Beogh against you.
Something smites you!
You closely miss the orc. Your grab misses the orc.
The orc priest calls down the wrath of Beogh upon you.
Something smites you!
* * * LOW HITPOINT WARNING * * *
The orc closely misses you.
You are too injured to fight recklessly!
You are too injured to fight recklessly!
You are too injured to fight recklessly!
You tentacle-slap the orc. Your grab misses the orc.
The orc is heavily wounded.
The orc hits you with a hand axe!
You die...

..... ##...#..( #..
.....##........ ###...
.....#....>....
......##### #.....<.....
......#...# #.#....)....
......#...###...........
..........#....##.......
......oo....##.#####..#.
.......@............#...
.!....#...####......#...
##### #...# ###.)...>..
#...# #..#..... #...###
##.#..... ##....#
#....... ####.###
####.... #...# ##....
###.# ###.....


You could see an orc priest and an orc.

Vanquished Creatures
  2 orc priests (D:3)
  2 adders (D:2)
  An ooze (D:3)
  2 worms
  3 giant geckos
  8 orcs (D:3)
  7 bats
  A giant cockroach (D:1)
  7 goblins
  2 hobgoblins
  7 jackals (D:3)
  3 giant newts
  8 kobolds
  A quokka zombie (D:2)
  15 rats
69 creatures vanquished.

Notes
Turn   | Place    | Note
--------------------------------------------------------------
     0 | D:1      | Reinor the Octopode Chaos Knight began the quest for the Orb.
     0 | D:1      | Reached XP level 1. HP: 16/16 MP: 1/1
   281 | D:1      | Reached XP level 2. HP: 18/21 MP: 2/2
   895 | D:2      | Reached skill level 4 in Unarmed Combat
   924 | D:2      | Found an ancient bone altar of Kikubaaqudgha.
   952 | D:2      | Reached XP level 3. HP: 24/26 MP: 3/3
  1073 | D:2      | XOM is BORED!
  1073 | D:2      | XOM: harmless Erth miscast
  1188 | D:2      | XOM: potion effect (invisibility)
  1335 | D:2      | Found a glowing silver altar of Zin.
  1523 | D:3      | Reached XP level 4. HP: 21/31 MP: 4/4
  1776 | D:3      | Reached skill level 5 in Unarmed Combat
  1919 | D:3      | XOM: harmless Summ miscast
  1925 | D:3      | Reached XP level 5. HP: 12/36 MP: 5/5
  2325 | D:3      | Found a shadowy altar of Dithmenos.
  2365 | D:3      | XOM is BORED!
  2365 | D:3      | XOM: noise
  2451 | D:3      | Slain by an orc

Vault maps used:
D:1:      dpeg_arrival_ratfight
D:2:      kiku_gazebo_garden_becter, zin_treasury
D:3:      nicolae_dithmenos_through_a_glass_darkly, grunt_gozag_breadcrumbs

Action                   |  1- 3 |  4- 6 || total
-------------------------+-------+-------++-------
Melee: Unarmed           |    76 |    83 ||   159
  Use: Scroll            |     5 |     3 ||     8
 Stab: Sleeping          |     5 |       ||     5
  Eat: Chunk             |     2 |     3 ||     5
